 Dungeon Crawl Stone Soup version 0.29.1-4-g47bece8355 (webtiles) character file.

Game seed: 6958521417687429659

1125 fishmans the Cleaver (level 8, -2/66 HPs)
             Began as a Minotaur Berserker on Dec 1, 2022.
             Was a Believer of Trog.
             Slain by a sky beast (6 damage)
             ... on level 5 of the Dungeon.
             The game lasted 00:39:41 (5509 turns).

fishmans the Cleaver (Minotaur Berserker)           Turns: 5509, Time: 00:39:42

Health: -2/66      AC:  1    Str: 25    XL:     8   Next: 13%
Magic:  7/7        EV: 12    Int:  4    God:    Trog [**....]
Gold:   196        SH:  0    Dex:  9    Spells: 7/7 levels left

rFire   . . .      SeeInvis .   a - +1 hand axe
rCold   . . .      Faith    .   (no shield)
rNeg    . . .      Spirit   .   (no body armour)
rPois   .          Reflect  .   (helmet restricted)
rElec   .          Harm     .   (no cloak)
rCorr   .          Rampage  .   (no gloves)
Will    +++..                   v - +0 pair of boots
Stlth   +.........              (no amulet)
HPRegen 1.21/turn               F - ring of willpower
MPRegen 0.10/turn               (no ring)

@: strong-willed, regenerating, hasted, very quick
A: horns 2, retaliatory headbutt
a: Renounce Religion, Berserk, Trog's Hand


You were on level 5 of the Dungeon.
You worshipped Trog.
Trog was pleased with you.
You visited 1 branch of the dungeon, and saw 6 of its levels.

You collected 196 gold pieces.

Inventory:

Hand Weapons
 a - a +1 hand axe (weapon)
 c - a +0 longbow
 e - a +0 scythe
 l - a +0 mace
 m - a +0 club
Missiles
 d - 30 stones
 p - 6 boomerangs (quivered)
 u - 2 poisoned darts
Armour
 b - a +0 animal skin
 h - a +1 chain mail
 i - a +3 leather armour
 j - a +0 ring mail
 o - a +0 scale mail
 v - a +0 pair of boots (worn)
 D - a +0 plate armour
Jewellery
 r - a ring of wizardry
 F - a ring of willpower (left hand)
Wands
 E - a wand of mindburst (21)
Scrolls
 t - 7 scrolls of noise
 w - 2 scrolls of enchant armour
 y - a scroll of immolation {unknown}
 G - 2 scrolls of identify
Potions
 f - a potion of flight
 k - 5 potions of curing
 n - a potion of mutation
 q - 2 potions of lignification
 s - 3 potions of degeneration
 x - a potion of berserk rage {unknown}
 z - a potion of might {unknown}
 A - a potion of cancellation {unknown}
 B - a potion of attraction {unknown}
 H - a potion of brilliance {unknown}


   Skills:
 - Level 3.9 Fighting
 + Level 11.7 Axes
 - Level 2.8 Armour
 - Level 2.5 Dodging


You had 7 spell levels left.
You didn't know any spells.
Your spell library contained the following spells:

 Spells                   Type           Power      Damage    Failure   Level
 Animate Dead             Necr           0%         N/A       99%         4
 Borgnjor's Vile Clutch   Necr/Erth      0%         N/A       100%        5
 Death Channel            Necr           0%         N/A       100%        6


Dungeon Overview and Level Annotations

Branches:
Dungeon (6/15)             Temple (0/1) D:5

Altars:
Cheibriados
Gozag
Nemelex Xobeh
Sif Muna

Shops:
D:1 :   D:2 [(?[(


Innate Abilities, Weirdness & Mutations

You have a pair of horns on your head.
You reflexively headbutt those who attack you in melee.


Message History

Something hits you. Something shocks you.
You climb upwards.
Reactivating autopickup.
There is a stone staircase leading down here.
Deactivating autopickup; reactivate with Ctrl-A.
You barely miss something. Something hits you. Something shocks you.
You hit something. Something hits you. Something shocks you.
Something hits you. Something shocks you. Something hits you.
Something shocks you. Something hits you but does no damage.
You miss something. Something hits you. Something shocks you.
* * * LOW HITPOINT WARNING * * *
As you read the scroll of teleportation, it crumbles to dust.
You feel strangely unstable. Something hits you.
* * * LOW HITPOINT WARNING * * *
Something shocks you.
* * * LOW HITPOINT WARNING * * *
You start resting.
Your surroundings suddenly seem different.
You start resting.
There is a strange disturbance nearby!
There is a strange disturbance nearby!
A sky beast appears from thin air!
Reactivating autopickup.
The sky beast enters a dispersal trap!
You blink.
The sky beast blinks!
Your skin crawls.
You feel strong-willed. The sky beast attacks as you move away!
The sky beast misses you.
You barely miss the sky beast.
The sky beast is moderately wounded.
The sky beast hits you.
* * * LOW HITPOINT WARNING * * *
The sky beast shocks you.
* * * LOW HITPOINT WARNING * * *
The sky beast attacks as you move away! The sky beast completely misses you.
You feel yourself speed up. The sky beast hits you.
* * * LOW HITPOINT WARNING * * *
The sky beast shocks you.
You die...

#.....##........###........)...##
.......#........................#
..................##.............
.......................#####.....
...<....#............#.# #..#..
...................>.#.######....
...........................####.#
.......?.............#.###.......
.....>.^.......Y@....#.# ######..
.......~.....#.........#### ##.
..........................## #.
.......................##..# ##
................>........#.######
.............#.#####..##.........
.............#.## #........##...
#####..>........# ##†######..#...
# ##††.#.##...###..# ##.#...


You could see a sky beast.

Vanquished Creatures
  Sigmund (D:2)
  A black bear (D:4)
  An ice beast (D:5)
  2 phantoms (D:5)
  2 necrophages (D:5)
  2 scorpions (D:5)
  A howler monkey (D:5)
  2 hounds
  Terence (D:2)
  4 iguanas
  11 adders
  An ufetubus (D:4)
  8 ball pythons
  4 bats
  10 endoplasms
  5 giant cockroaches
  7 goblins
  5 hobgoblins
  A jackal (D:2)
  2 frilled lizards
  4 kobolds
  5 rats
80 creatures vanquished.

Notes
Turn   | Place    | Note
-------+----------+-------------------------------------------
     0 | D:1      | fishmans the Minotaur Berserker began the quest for the
                  | Orb.
     0 | D:1      | Reached XP level 1. HP: 19/19 MP: 0/0
   327 | D:1      | Reached XP level 2. HP: 25/27 MP: 1/1
   755 | D:1      | Reached skill level 4 in Axes
   805 | D:1      | Found Aroug's Vocational Training.
   919 | D:1      | Reached ** piety under Trog
  1079 | D:2      | Reached XP level 3. HP: 33/33 MP: 2/2
  1148 | D:2      | Noticed Terence
  1170 | D:2      | Killed Terence
  1171 | D:2      | Reached skill level 5 in Axes
  1383 | D:2      | Reached XP level 4. HP: 40/40 MP: 3/3
  1569 | D:2      | Found a faded altar of an unknown god.
  1684 | D:2      | Found a snail-covered altar of Cheibriados.
  1729 | D:2      | Found Ollased's Antique Weapon Emporium.
  1749 | D:2      | Found Viyr's Magic Scroll Shoppe.
  1753 | D:2      | Found Duplaec's Weapon Emporium.
  1761 | D:2      | Noticed Sigmund
  1937 | D:2      | Killed Sigmund
  1938 | D:2      | Reached skill level 7 in Axes
  1938 | D:2      | Reached XP level 5. HP: 45/46 MP: 4/4
  1938 | D:2      | Reached XP level 6. HP: 51/52 MP: 5/5
  2056 | D:2      | Found Irir's Antique Armour Shop.
  2217 | D:2      | Found Nayschouss's Antique Armour Emporium.
  2523 | D:3      | Found an opulent altar of Gozag.
  2603 | D:3      | Found a sparkling altar of Nemelex Xobeh.
  2830 | D:3      | Found a shimmering blue altar of Sif Muna.
  2901 | D:3      | Reached skill level 8 in Axes
  4074 | D:5      | Entered Level 5 of the Dungeon
  4090 | D:4      | Reached skill level 9 in Axes
  4112 | D:5      | Reached XP level 7. HP: 46/58 MP: 6/6
  4379 | D:5      | Reached skill level 10 in Axes
  4647 | D:5      | Reached skill level 11 in Axes
  4976 | D:5      | Reached XP level 8. HP: 55/66 MP: 7/7
  5123 | D:5      | Found a staircase to the Ecumenical Temple.
  5505 | D:5      | HP: 3/66 [sky beast (5)]
  5509 | D:5      | Slain by a sky beast

Illustrated notes

Levels and vault maps discovered:
D:1:      heliophobic_arrival_henge, layout_basic,
          chequers_serial_rivers_micro_c, nicolae_shop_vocational
D:2:      layout_loops_ring, hellmonk_ecumenical_altar_crossroads, basic_altar,
          serial_shops, nicolae_shop_waterfront,
          nicolae_shop_bloodbath_and_beyond, nicolae_shop_hallway_plus,
          shop_scrolls, nicolae_lakefront_shop, minmay_pentomino_u2,
          uniq_sigmund, uniq_terence
D:3:      layout_loops_ring, mainiacjoe_overflow_surrounded_room,
          lemuel_doored_altar, mainiacjoe_overflow_alcove_1
D:4:      layout_cave_pools
D:5:      layout_rooms, minmay_temple_entry_enclosed_plants
D:6:      layout_cave_pools, nicolae_uskayaw_suspiria, serial_park,
          serial_park_tiny_1, serial_park_tiny_1, serial_park_avenue1,
          serial_park_square1 [serial_park_minivault_5x5_3]

Skill      XL: |  1  2  3  4  5  6  7 |
---------------+----------------------+-----
Axes           | 4 5 7 9 11 | 11.7
Fighting       | |  3.9
Armour         | |  2.8
Dodging        | |  2.5

Action                   |  1- 3 |  4- 6 |  7- 9 || total
-------------------------+-------+-------+-------++-------
Melee: Hand axe          |    60 |   102 |    80 ||   242
       Headbutt          |    12 |    11 |    10 ||    33
       Punch             |       |     1 |     4 ||     5
Throw: Stone             |     4 |       |       ||     4
       Boomerang         |       |     1 |     8 ||     9
Invok: Trog's Hand       |       |     1 |     1 ||     2
  Use: Scroll            |     4 |     9 |     1 ||    14
       Potion            |       |       |     1 ||     1
Armor: Ring mail         |     7 |       |       ||     7
       Leather armour    |     3 |       |       ||     3
       Chain mail        |    13 |    74 |     9 ||    96
       Skin              |       |       |     2 ||     2
Dodge: Dodged            |    24 |    47 |    37 ||   108
